 Dungeon Crawl Stone Soup version 0.19-a0 (webtiles) character file.

60 Loki the Ruffian (level 3, -4/33 HPs)
             Began as a Troll Warper on Apr 27, 2016.
             Slain by Menkaure (13 damage)
             ... on level 4 of the Dungeon.
             The game lasted 00:03:24 (323 turns).

Loki the Ruffian (Troll Warper)                      Turns: 323, Time: 00:03:25

Health: -4/33      AC:  5    Str: 22    XL:     3   Next: 80%
Magic:  3/3        EV: 10    Int: 10    God:
Gold:   36         SH:  0    Dex:  9    Spells: 1 memorised, 3 levels left

rFire  . . .     SeeInvis .       - Unarmed
rCold  . . .     Gourm    +     a - +0 robe
rNeg   . . .     Faith    .     (no shield)
rPois  .         Spirit   .     (helmet restricted)
rElec  .         Dismiss  .     (no cloak)
rCorr  .         Reflect  .     (gloves unavailable)
SustAt .         Harm     .     (boots unavailable)
MR     .....                    (no amulet)
Stlth  +.........               (no ring)
                                j - +3 ring of strength

@: not resistant to hostile enchantments, very unstealthy
A: unfitting armour, claws 3, fast metabolism 3, gourmand, regeneration 2,
shaggy fur 1, tough skin 2
a: no special abilities


You were on level 4 of the Dungeon.
You were not hungry.

You visited 1 branch of the dungeon, and saw 4 of its levels.

You collected 36 gold pieces.

Inventory:

Missiles
 d - 5 tomahawks of dispersal (quivered)
Armour
 a - a +0 robe (worn)
Jewellery
 j - a +3 ring of strength (left claw)
Scrolls
 c - 2 scrolls of blinking
 g - 2 scrolls of remove curse {unknown}
 h - a scroll of teleportation {unknown}
Potions
 e - a potion of brilliance {unknown}
 i - a potion of flight {unknown}
Books
 b - a book of Spatial Translocations

   Spells                             Type                      Level
   a - Apportation                    Translocation                1
   b - Blink                          Translocation                2
   c - Shroud of Golubria             Charms/Translocation         2
   d - Portal Projectile              Translocation                3
   e - Teleport Other                 Translocation                3
   f - Passage of Golubria            Translocation                4
Comestibles
 f - 2 bread rations


   Skills:
 - Level 1.5 Fighting
 - Level 0.8 Throwing
 - Level 1.9 Dodging
 + Level 4.2 Unarmed Combat
 - Level 1.2 Spellcasting
 - Level 2.1 Translocations


You had 3 spell levels left.
You knew the following spells:

 Your Spells              Type           Power        Failure   Level  Hunger
a - Apportation           Tloc           #.........   14%         1    ##.....


Dungeon Overview and Level Annotations

Branches:
Dungeon (4/15)
 Temple: D:4-7

Altars:
Makhleb
Pakellas
Yredelemnul

Annotations:
D:4 Menkaure


Innate Abilities, Weirdness & Mutations

You are too large for most types of armour.
You have claws for hands.
Your metabolism is lightning-fast.
You like to eat raw meat.
You heal very quickly.
You are covered in fur (AC +1).
You have very tough skin (AC +2).


Message History

Read which item? (? for menu, Esc to quit)
Okay, then.
Put on which piece of jewellery? (? for menu, Esc to quit)
You feel stronger.
j - a +3 ring of strength (left claw)
You scratch the ooze but do no damage. The ooze hits you but does no damage.
You barely miss the ooze. The ooze hits you.
You claw the ooze!
You kill the ooze!
You claw Menkaure!
Menkaure is moderately damaged.
You barely miss Menkaure.
Menkaure is moderately damaged.
Menkaure hits you!!
Ouch! That really hurt!
* * * LOW HITPOINT WARNING * * *
You scratch Menkaure.
Menkaure is heavily damaged.
Menkaure hits you!
You die...

#.....# #.# ##.#.##
#.. #.....# ##.
###.#.####.._
#..........#.#
#..#.#.######
#......M.J..#
#..#.#.####M###.#.
...........@.......#
###.##)#.############
# #..... ##.#.# ...
#.


You could see Menkaure.

Vanquished Creatures
  A worker ant (D:4)
  A hound skeleton (D:4)
  An adder (D:4)
  An ooze (D:4)
  A giant cockroach (D:4)
  A goblin (D:1)
  2 jackals (D:1)
  A giant newt (D:4)
  2 kobolds (D:1)
  4 rats
15 creatures vanquished.

Notes
Turn   | Place    | Note
--------------------------------------------------------------
     0 | D:1      | Loki the Troll Warper began the quest for the Orb.
     0 | D:1      | Reached XP level 1. HP: 19/19 MP: 1/1
   131 | D:3      | Reached XP level 2. HP: 27/27 MP: 2/2
   139 | D:3      | Found a basalt altar of Yredelemnul.
   168 | D:4      | Noticed a killer bee
   168 | D:4      | Noticed a killer bee
   168 | D:4      | Noticed a killer bee
   168 | D:4      | Noticed a killer bee
   219 | D:4      | Found a burning altar of Makhleb.
   219 | D:4      | Noticed a blizzard demon
   245 | D:4      | Reached skill level 3 in Unarmed Combat
   247 | D:4      | Reached XP level 3. HP: 27/33 MP: 3/3
   254 | D:4      | Found an oddly glowing altar of Pakellas.
   260 | D:4      | Noticed Menkaure
   316 | D:4      | Reached skill level 4 in Unarmed Combat
   323 | D:4      | Slain by Menkaure

Vault maps used:
D:1:      lightli_arrival_farm, minmay_quantized
D:2:      lemuel_crystal_altar
D:3:      lemuel_round_altar, xom_redecorated, uniq_sigmund, uniq_iyjb,
          uniq_natasha
D:4:      makhleb_altar_promises_db, lemuel_crystal_altar, temple_statues,
          first_bread, st_stairs_13, nrook_mini_backslash, uniq_menkaure

Skill      XL: |  1  2  3 |
---------------+----------+-----
Unarmed Combat | 3 4 |  4.2
Fighting       | |  1.5
Throwing       | |  0.8
Dodging        | |  1.9
Spellcasting   | |  1.2
Translocations | |  2.1

Action                   || total
-------------------------++-------
Melee: Unarmed           ||    38
Armor: Robe              ||    19
Dodge: Dodged            ||    30
